Unix NetHack Version 3.7.0-95 Work-in-progress - last build Jan 1 2024 20:51:50 (6a0ccc5fa2390e420dd2d488a2f9488d2ae3a63b,branch:master). Game began 2024-01-05 12:37:38, ended 2024-01-05 13:02:32. elenmirie, lawful female human Knight ------.--- ##a@.......| #%|.[..<.... ------ ####---------- |..0..############ ## |....| 0### |...^|############ # |....| # |....| ------ Elenmirie the Esquire St:15 Dx:9 Co:11 In:8 Wi:15 Ch:18 Lawful Dlvl:4 $:77 HP:0(35) Pw:33(33) AC:3 Xp:4/143 T:2835 Burdened Latest messages: That is a trap door. You miss the newt. You hit the newt. The newt bites! You kill the newt! You see here a newt corpse. There is a newt corpse here; eat it? [ynq] (n) y This newt corpse tastes terrible! You finish eating the newt corpse. You feel a mild buzz. You are carrying too much to get through. The rothe hits! The rothe misses! The rothe bites! You hit the rothe. The rothe just misses! The rothe bites! The rothe bites again! You kill the rothe! You see here a rothe corpse. There is a rothe corpse here; eat it? [ynq] (n) y This rothe corpse is gamey. You stop eating the rothe corpse. The giant ant bites! You miss the giant ant. The giant ant misses! The giant ant bites! You hit the giant ant. The giant ant misses! The giant ant just misses! The giant ant bites! You hit the giant ant. The giant ant bites! The giant ant bites! You hit the giant ant. The giant ant misses! The giant ant bites! You miss the giant ant. The giant ant bites! The giant ant bites! The iguana misses! You miss the giant ant. The giant ant bites! The giant ant bites! You die... Do you want your possessions identified? [ynq] (y) y Do you want to see your attributes? [ynq] (y) y Do you want an account of creatures vanquished? [ynaq] (y) y Do you want to see your conduct and achievements? [ynq] (y) y Do you want to see the dungeon overview? [ynq] (y) y Inventory: Coins $ - 77 gold pieces Weapons m - an uncursed +2 long sword a - an uncursed +1 long sword (weapon in right hand) b - an uncursed +1 lance (alternate weapon; not wielded) Armor d - an uncursed +0 helmet (being worn) f - an uncursed +0 pair of leather gloves (being worn) F - an uncursed +0 small shield (being worn) c - an uncursed +1 ring mail (being worn) Comestibles g - 12 uncursed apples h - 11 uncursed carrots Wands I - an uncursed wand of digging (0:8) u - an uncursed wand of digging (0:4) r - an uncursed wand of magic missile (0:4) Tools w - an uncursed bag of holding containing 8 items x - an uncursed blindfold n - an uncursed brass lantern z - an uncursed magic marker (0:85) p - an uncursed magic whistle D - an uncursed oil lamp e - an uncursed skeleton key Contents of the bag of holding: 275 gold pieces an uncursed scroll of confuse monster an uncursed scroll of enchant armor an uncursed scroll of enchant weapon a blessed scroll of magic mapping an uncursed potion of healing an uncursed potion of sickness a potion of unholy water Elenmirie the Knight's attributes: Background: You were an Esquire, a level 4 female human Knight. You were lawful, on a mission for Lugh who was opposed by Brigit (neutral) and Manannan Mac Lir (chaotic). You were right-handed. You were in the Dungeons of Doom, on level 4. You entered the dungeon 2835 turns ago. You had 143 experience points, 17 more were needed to attain level 5. Basics: You had 0 out of 35 hit points. You had all 33 energy points (spell power). Your armor class was 3. Your wallet contained 77 zorkmids, and you had 275 more stashed away in your pack. Autopickup was on for '$' plus thrown. Final Characteristics: Your strength was 15 (limit:18/100). Your dexterity was 9 (limit:18). Your constitution was 11 (limit:18). Your intelligence was 8 (limit:18). Your wisdom was 15 (limit:18). Your charisma was 18 (limit:18). Final Status: You weren't hungry. You were burdened; movement was slightly slowed. You were wielding a long sword. You had basic skill with long sword. Final Attributes: You were piously aligned. You could jump. You were warded. You are dead. Miscellaneous: You never encountered a bones level. Total elapsed playing time was 24 minutes and 53 seconds. Major events: Turn 1: elenmirie the lawful female human Knight entered the dungeon 893: entered the Gnomish Mines 1308: attained the rank of Esquire (level 3) 2835: killed by a giant ant Vanquished creatures: a shrieker a floating eye a homunculus a kobold shaman a rothe 2 dwarf zombies an iguana 2 acid blobs a hobbit a large kobold a hobgoblin 3 giant rats 2 brown molds a yellow mold 2 red molds 2 geckos 5 jackals a fox 3 goblins a grid bug 2 lichens 2 kobold zombies 11 newts 48 creatures vanquished. No species were genocided or became extinct. Voluntary challenges: You read items or engraved 1 time. You never engraved Elbereth. You never genocided any monsters. You never polymorphed an object. You never changed form. You used no wishes. Achievements: You entered a shop. You entered the Gnomish Mines. You attained the rank of Esquire. The Dungeons of Doom: levels 1 to 4 Level 1: Level 2: An altar, some fountains. Stairs down to The Gnomish Mines. Level 3: A fountain. Level 4: <- You were here. Final resting place for you, killed by a giant ant. The Gnomish Mines: Level 3: Game over: ---------- / \ / REST \ / IN \ / PEACE \ / \ | elenmirie | | 352 Au | | killed by a | | giant ant | | | | | | 2024 | *| * * * | * _________)/\\_//(\/(/\)/\//\/|_)_______ Fare thee well elenmirie the Knight... You died in The Dungeons of Doom on dungeon level 4 with 1049 points, and 352 pieces of gold, after 2835 moves. You were level 4 with a maximum of 35 hit points when you died.